 Dungeon Crawl Stone Soup version 0.28.0-47-ge53b351184 (webtiles) character file.

Game seed: 7974693710080505226

1047 Zeld the Conjurer (level 8, -4/67 HPs)
             Began as a Black Draconian Conjurer on Apr 29, 2022.
             Was an Initiate of Vehumet.
             Killed by divine providence
             ... invoked by an orc priest
              (14 damage)
             ... on level 7 of the Dungeon on May 2, 2022.
             The game lasted 00:15:26 (8441 turns).

Zeld the Conjurer (Black Draconian Conjurer)        Turns: 8441, Time: 00:15:27

Health: -4/67      AC:  7    Str: 10    XL:     8   Next: 5%
Magic:  14/14      EV: 12    Int: 21    God:    Vehumet [......]
Gold:   68         SH:  0    Dex:  9    Spells: 4/15 levels left

rFire   . . .      SeeInvis .   (no weapon)
rCold   . . .      Faith    .   (no shield)
rNeg    . . .      Spirit   .   (armour unavailable)
rPois   .          Reflect  .   (helmet restricted)
rElec   +          Harm     .   (no cloak)
rCorr   .          Rampage  .   j - +0 pair of gloves
Will    .....                   (no boots)
Stlth   ++........              (no amulet)
HPRegen 0.21/turn               (no ring)
MPRegen 0.14/turn               (no ring)

@: short of breath
A: breathe lightning, AC +6, unfitting armour, electricity resistance,
cold-blooded
a: Breathe Lightning, Renounce Religion


You were on level 7 of the Dungeon.
You worshipped Vehumet.
Vehumet was noncommittal.
You visited 2 branches of the dungeon, and saw 8 of its levels.

You collected 273 gold pieces.
You spent 205 gold pieces at shops.

Inventory:

Armour
 j - a +0 pair of gloves (worn)
Wands
 l - a wand of acid (7)
 m - a wand of flame (14)
 q - a wand of digging (4)
Scrolls
 c - 8 scrolls of identify
 d - a scroll of blinking
 f - a scroll of teleportation {unknown}
 h - a scroll of fear {unknown}
 i - 3 scrolls of noise {unknown}
 k - a scroll of enchant armour {unknown}
 o - a scroll of amnesia {unknown}
 s - a scroll of vulnerability {unknown}
 t - 2 scrolls of magic mapping
Potions
 a - 2 potions of cancellation {unknown}
 b - a potion of degeneration {unknown}
 e - 2 potions of brilliance {unknown}
 g - a potion of heal wounds {unknown}
 n - a potion of mutation {unknown}
 p - a potion of berserk rage {unknown}
 r - 2 potions of curing {unknown}


   Skills:
 * Level 4.6 Fighting
 + Level 3.2 Dodging
 + Level 3.5 Stealth
 * Level 4.3 Spellcasting
 * Level 6.0 Conjurations
 + Level 1.5 Hexes
 + Level 1.8 Translocations


You had 4 spell levels left.
You knew the following spells:

 Your Spells              Type           Power      Damage    Failure   Level
a - Magic Dart            Conj           100%       1d8       1%          1
b - Searing Ray           Conj           60%        2d6       1%          2
c - Fulminant Prism       Conj/Hex       10%        3d9       24%         4
d - Iskenderun's Mystic   Conj/Tloc      21%        2d6       22%         4

Your spell library contained the following spells:

 Spells                   Type           Power      Damage    Failure   Level
 Dazzling Flash           Conj/Hex       40%        N/A       8%          3
 Sting                    Tmut/Pois      16%        1d3       12%         1
 Poisonous Vapours        Pois/Air       8%         N/A       17%         2
 Olgreb's Toxic Radiance  Pois           4%         N/A       75%         4


Dungeon Overview and Level Annotations

Branches:
Dungeon (7/15)             Temple (1/1) D:6

Altars:
Ashenzari
Cheibriados
Dithmenos
Elyvilon
Fedhas
Gozag
Hepliaklqana
Kikubaaqudgha
Makhleb
Nemelex Xobeh
Okawaru
Qazlal
Ru
Sif Muna
Trog
Uskayaw
Vehumet
Wu Jian
Xom
Yredelemnul
Zin
The Shining One

Shops:
D:1 ?


Innate Abilities, Weirdness & Mutations

You can breathe wild blasts of lightning.
Your glossy black scales are hard. (AC +6)
You cannot fit into any form of body armour.
You are resistant to electric shocks. (rElec)
You are cold-blooded and may be slowed by cold attacks.


Message History

You're too confused to move!
You are more confused.
You bump into the rock wall.
A magic dart appears from out of thin air!
The magic dart hits you.
The orc priest calls down the wrath of Beogh upon you.
Beogh smites you!
You bump into the rock wall.
You bump into the rock wall.
The orc priest casts a cantrip, but nothing happens.
Something hits you.
The orc priest invokes the aid of Beogh against you.
Beogh smites you!
* * * LOW HITPOINT WARNING * * *
You bump into the rock wall.
You're too confused to move!
You feel less confused. Something hits you.
* * * LOW HITPOINT WARNING * * *
The orc misses you.
The orc priest looks encouraged for a moment.
Activating: Breathe Lightning (4% risk of failure)
Press: ? - help, Dir - look around, f - activate You breathe a wild blast of lightning!
You hear a mighty clap of thunder! x2; You hear a shout! x3
Something hits you but does no damage. The orc hits you but does no damage.
Unknown command.
Unknown command.
Unknown command.
Unknown command.
You hear some strange, mumbled words.
A puff of flame appears from out of thin air!
The puff of flame hits you!
* * * LOW HITPOINT WARNING * * *
Blink to where?
Press: ? - help, Dir - move target
As you read the scroll of blinking, it crumbles to dust.
The orc priest invokes the aid of Beogh against you.
Beogh smites you!
You die...

#. #.### ...# #+# #####.####
...## #......ยง.# ....##
#.###.##.# .....###.##oo##.#
#..
......##.#.o.##.########.....
......'......o..@.......o....
......##........########.o.o.
.....######.##### .#. ....##
#.# ...## #.# #'## #.# #.#
#.# #[####### #.# #........
..#


You could see an orc priest and an orc.

Vanquished Creatures
  A necrophage (D:5)
  A centaur (D:6)
  A phantom (D:4)
  3 scorpions
  A water moccasin skeleton (D:6)
  4 wights (D:5)
  A hound (D:3)
  A gnoll shaman (D:3)
  An orc priest (D:5)
  Jessica (D:2)
  An orc wizard (D:5)
  An iguana (D:5)
  9 gnolls
  4 adders
  A shadow imp (D:6)
  3 adder skeletons
  2 worms (D:2)
  4 dart slugs
  6 orcs
  9 ball pythons
  7 endoplasms
  5 giant cockroaches
  5 goblins
  5 hobgoblins
  4 jackals (D:2)
  A quokka (D:1)
  5 bats
  8 kobolds
  4 rats
99 creatures vanquished.

Notes
Turn   | Place    | Note
-------+----------+-------------------------------------------
     0 | D:1      | Zeld the Draconian Conjurer began the quest for the Orb.
     0 | D:1      | Reached XP level 1. HP: 14/14 MP: 3/3
    86 | D:1      | Found Haferiuc's Magic Scroll Boutique.
   399 | D:1      | Reached XP level 2. HP: 22/22 MP: 0/5
   583 | D:1      | Reached skill level 1 in Fighting
   586 | D:1      | Learned a level 2 spell: Searing Ray
  1147 | D:2      | Reached XP level 3. HP: 28/28 MP: 2/6
  1391 | D:2      | Noticed Jessica
  1398 | D:2      | Killed Jessica
  1548 | D:2      | Identified the +2 short sword "Uplotive" {protect, rElec
                  | rN+ Str-2 Stlth+}
  1591 | D:2      | Reached XP level 4. HP: 36/36 MP: 4/7
  1692 | D:2      | Found a faded altar of an unknown god.
  3470 | D:3      | Reached XP level 5. HP: 16/42 MP: 0/9
  4093 | D:4      | HP: 1/42 [gnoll/+0 spear (6)]
  4461 | D:4      | Reached skill level 5 in Conjurations
  4618 | D:4      | Reached XP level 6. HP: 51/51 MP: 2/11
  4623 | D:4      | Learned a level 4 spell: Fulminant Prism
  4628 | D:4      | Learned a level 4 spell: Iskenderun's Mystic Blast
  5334 | D:4      | Found a glowing golden altar of the Shining One.
  5697 | D:5      | Entered Level 5 of the Dungeon
  5730 | D:5      | Found the +6 shillelagh "Devastator" {shatter}
  6277 | D:5      | Your scales start taking on a glossy black colour.
  6277 | D:5      | Reached XP level 7. HP: 46/58 MP: 4/12
  6277 | D:5      | Gained mutation: You are resistant to electric shocks.
                  | (rElec) [Black Draconian growth]
  6388 | D:5      | Reached skill level 1 in Hexes
  6388 | D:5      | Reached skill level 1 in Translocations
  7429 | D:6      | Reached skill level 6 in Conjurations
  7729 | D:6      | Reached XP level 8. HP: 66/67 MP: 4/14
  7922 | D:6      | Found a staircase to the Ecumenical Temple.
  8022 | Temple   | Entered the Ecumenical Temple
  8076 | Temple   | Became a worshipper of Vehumet
  8247 | D:1      | Bought a scroll of identify for 20 gold pieces
  8247 | D:1      | Bought a scroll of magic mapping for 35 gold pieces
  8247 | D:1      | Bought a scroll of identify for 20 gold pieces
  8247 | D:1      | Bought a scroll of identify for 20 gold pieces
  8247 | D:1      | Bought a scroll of blinking for 75 gold pieces
  8247 | D:1      | Bought a scroll of magic mapping for 35 gold pieces
  8441 | D:7      | Killed from afar by an orc priest

Illustrated notes

Levels and vault maps discovered:
D:1:      minmay_arrival_jagged, layout_rooms, serial_shops,
          nicolae_shop_behind_doors
D:2:      layout_basic, chequers_ecumenical_altar_grove, minmay_tetromino_o2,
          uniq_jessica
D:3:      layout_basic, serial_glass, glass_columns_a, glass_columns_b
D:4:      layout_gridville, mainiacjoe_overflow_cross_hatched
D:5:      layout_gridville
D:6:      layout_cave_pools, temple_hall_moat
D:7:      layout_loops_corners, enter_bailey_5, uniq_maggie, uniq_duvessa
Temple:   grunt_wide_crystal_templ

Skill      XL: |  1  2  3  4  5  6  7 |
---------------+----------------------+-----
Fighting       | 1 2 3 4 |  4.6
Stealth        | 2 3 |  3.5
Dodging        | 2 3 |  3.2
Spellcasting   | 3 4 |  4.3
Conjurations   | 5 6 |  6.0
Hexes          | 1 |  1.5
Translocations | 1 |  1.8

Action                   |  1- 3 |  4- 6 |  7- 9 || total
-------------------------+-------+-------+-------++-------
Melee: Unarmed           |    41 |    26 |       ||    67
       Tailslap          |     8 |       |       ||     8
       Punch             |     1 |       |       ||     1
 Cast: Magic Dart        |    71 |    93 |     2 ||   166
       Searing Ray       |       |    20 |    16 ||    36
 Abil: Breathe Lightning |       |       |     4 ||     4
  Use: Scroll            |       |       |     1 ||     1
Armor: Skin              |    18 |    34 |    15 ||    67
Dodge: Dodged            |    40 |    75 |    31 ||   146
